Connexion

Roadrunners vs Admirals

Created - 13 novembre 2023 at 05:45

Goals
1 2 3 T
Roadrunners 3 2 0 5
Admirals 0 1 0 1
Shots
1 2 3 T
Roadrunners 13 17 10 40
Admirals 11 9 5 25

GoalsPenalties
1st period
1. Roadrunners , Anthony Greco 18 (Brad Hunt 26) at 7:08
2. Roadrunners , Adam Erne 5 (Noah Juulsen 6, Taylor Fedun 5) at 10:17
3. Roadrunners , Anthony Greco 19 (Taylor Fedun 6) at 19:33
No Penalty
2nd period
4. Roadrunners , Drake Caggiula 14 (Brad Hunt 27, Anthony Greco 14) at 0:39
5. Admirals , Garrett Pilon 12 (Niko Mikkola 22, Vincent Praplan 1) at 10:58
6. Roadrunners , Anthony Greco 20 (Drake Caggiula 20, Aleksi Saarela 15) at 17:48
Joseph Cramarossa (MIL) for Interference (Minor) at 1:38
Jeremy Roy (MIL) for Tripping (Minor) at 6:56
Joseph Cramarossa (MIL) for Hooking (Minor) at 18:56
3rd period
No Goal
Garrett Wilson (MIL) for Roughing (Minor) at 0:07
Noah Juulsen (TUC) for Tripping (Minor) at 3:00
Goalie Stats
Calvin Pickard (TUC), 24 saves from 25 shots - (0,960), W, 12-12-2, 60:00 minutes
Michael Houser (MIL), 14 saves from 18 shots - (0,778), L, 8-13-1, 20:39 minutes
Hayden Hawkey (MIL), 21 saves from 22 shots - (0,955), 39:21 minutes
3 StarsOfficial
1 - Anthony Greco (TUC)
2 - Drake Caggiula (TUC)
3 - Brad Hunt (TUC)
Referees : Kyle Rehman and Don VanMassenhoven
Linesman : Andy McElman and Vaughan Rody
Game Note
Hayden Hawkey enters game at 0:39 of 2nd period
Anthony Greco has scored a Hat Trick!
Finance
Level 1 -- Attendance: 2000 (100,00%) -- Ticket Income 70 000 $
Level 2 -- Attendance: 1000 (100,00%) -- Ticket Income 15 000 $
Total Attendance: 3000 (100,00%)
Total Ticket Income: 85 000 $
Other Income: 17 000 $
Total Income: 102 000 $



Team Name Goals Shots Shots Attemp Shots Blocked PIM HIT PP PK FO%
Roadrunners 5407372240 / 4 (0%)048%
Admirals 1256098200 / 1 (0%)052%

Roadrunners
Player Name POS G A P +/- PIM HIT SHT SB MP PP MP PP SHT PK MP PK SHT FO% FOT
Adam ErneLW/RW1011023014:380:0000:000100% 1
Aleksi SaarelaC/LW0113003019:032:5521:04050% 34
Anthony GrecoLW/RW3144003025:442:5501:37067% 3
Brad HuntD0223014124:073:1811:1500% 0
Drake CaggiulaC/LW/RW1123027118:212:5520:22033% 3
Gabriel DumontC/RW000-1032019:164:1300:000100% 1
Justin KirklandC/LW/RW0001031014:380:0000:00029% 17
Kevin RoyLW/RW0001003015:110:0000:3300% 1
Kole LindRW000100206:080:0000:0000% 0
Lane PedersonC000000000:000:0000:0000% 0
Mac HollowellD0003033024:073:1801:1500% 0
Morgan BarronC/LW000101006:080:0000:00057% 7
Nic DowdC/RW000-1042019:384:1320:22057% 30
Nicolas HagueD000-1013019:283:5020:4400% 0
Noah JuulsenD0112231216:240:0000:0000% 0
Roland McKeownD000-1001319:283:5000:4400% 0
Scott WilsonC/LW000-1002019:164:1300:0000% 2
Taylor FedunD0222010016:250:0000:0000% 0
Admirals
Player Name POS G A P +/- PIM HIT SHT SB MP PP MP PP SHT PK MP PK SHT FO% FOT
Anthony FlorentinoD000-3010114:010:0000:0000% 0
CJ SuessLW000-2004011:120:0000:3200% 0
David KampfC/RW000-2002010:400:0000:0000% 0
Garrett PilonC101001209:000:0002:08044% 18
Garrett WilsonLW000-1221121:451:1903:18025% 8
Jeremy RoyD000-3211114:000:0000:0000% 0
John QuennevilleC000-2010010:400:0000:00065% 23
Joseph CramarossaC/LW000-1421016:510:4000:000100% 1
Kevin StenlundC000-1005019:010:4002:08041% 17
Kristians RubinsD000-1041225:051:1903:4810% 0
Mike ReillyD000-1021225:051:1913:4800% 0
Mitchell MorozLW000000206:520:0000:0000% 1
Nick EbertD0000021020:540:4003:2000% 0
Niko MikkolaD0110021020:540:4013:2000% 0
Oskar SteenC000-1000022:361:1904:09060% 25
Paul ThompsonRW000-1003119:391:1901:12025% 4
Vincent PraplanC/RW011002006:520:0000:000100% 1
William BittenRW000-1000116:530:4000:000100% 1



Play-by-Play

1st period


0:01 of 1st period - Aleksi Saarela wins face-off versus Oskar Steen in neutral zone.
0:08 of 1st period - Shot by Aleksi Saarela.
0:08 of 1st period - Shot Misses the Net.
0:10 of 1st period - Shot by Drake Caggiula.
0:10 of 1st period - Shot Blocked by Kristians Rubins.
0:12 of 1st period - Shot by Mac Hollowell.
0:12 of 1st period - Stopped by Michael Houser without a rebound.
0:13 of 1st period - Kevin Stenlund wins face-off versus Scott Wilson in Admirals zone.
0:20 of 1st period - Shot by Joseph Cramarossa.
0:20 of 1st period - Stopped by Calvin Pickard without a rebound.
0:21 of 1st period - John Quenneville wins face-off versus Justin Kirkland in Roadrunners zone.
0:21 of 1st period - John Quenneville is hit by Taylor Fedun.
0:26 of 1st period - Icing by Taylor Fedun.
0:27 of 1st period - Garrett Pilon wins face-off versus Justin Kirkland in Roadrunners zone.
0:54 of 1st period - Shot by Mitchell Moroz.
0:54 of 1st period - Stopped by Calvin Pickard without a rebound.
0:55 of 1st period - Oskar Steen wins face-off versus Aleksi Saarela in Roadrunners zone.
0:55 of 1st period - Oskar Steen is hit by Mac Hollowell.
1:19 of 1st period - Nick Ebert is hit by Drake Caggiula and loses puck.
1:43 of 1st period - Icing by Niko Mikkola.
1:44 of 1st period - Nic Dowd wins face-off versus Oskar Steen in Admirals zone.
1:45 of 1st period - Shot by Scott Wilson.
1:45 of 1st period - Shot Misses the Net.
1:47 of 1st period - Shot by Scott Wilson.
1:47 of 1st period - Stopped by Michael Houser without a rebound.
1:48 of 1st period - Nic Dowd wins face-off versus Kevin Stenlund in Admirals zone.
1:55 of 1st period - Nicolas Hague is hit by Joseph Cramarossa.
2:28 of 1st period - Roland McKeown is hit by Joseph Cramarossa and loses puck.
2:46 of 1st period - Shot by Anthony Greco.
2:46 of 1st period - Deflect By Kole Lind.
2:46 of 1st period - Stopped by Michael Houser without a rebound.
2:47 of 1st period - John Quenneville wins face-off versus Justin Kirkland in Admirals zone.
3:15 of 1st period - Shot by CJ Suess.
3:15 of 1st period - Stopped by Calvin Pickard without a rebound.
3:16 of 1st period - Oskar Steen wins face-off versus Drake Caggiula in Roadrunners zone.
3:24 of 1st period - Icing by Taylor Fedun.
3:25 of 1st period - Oskar Steen wins face-off versus Aleksi Saarela in Roadrunners zone.
3:36 of 1st period - Shot by Drake Caggiula.
3:36 of 1st period - Stopped by Michael Houser without a rebound.
3:37 of 1st period - John Quenneville wins face-off versus Nic Dowd in Admirals zone.
3:37 of 1st period - David Kampf is hit by Nic Dowd and loses puck.
3:50 of 1st period - Shot by John Quenneville.
3:50 of 1st period - Deflect By CJ Suess.
3:50 of 1st period - Shot Misses the Net.
4:48 of 1st period - Icing by Aleksi Saarela.
4:49 of 1st period - Joseph Cramarossa wins face-off versus Aleksi Saarela in Roadrunners zone.
5:07 of 1st period - Off-side.
5:08 of 1st period - Oskar Steen wins face-off versus Justin Kirkland in neutral zone.
5:26 of 1st period - Taylor Fedun is hit by Kristians Rubins and loses puck.
5:39 of 1st period - Shot by Oskar Steen.
5:39 of 1st period - Shot Blocked by Noah Juulsen.
5:44 of 1st period - Kevin Roy is hit by Garrett Wilson and loses puck.
5:48 of 1st period - Icing by Noah Juulsen.
5:49 of 1st period - Kevin Stenlund wins face-off versus Justin Kirkland in Roadrunners zone.
6:14 of 1st period - Shot by Kevin Stenlund.
6:14 of 1st period - Stopped by Calvin Pickard without a rebound.
6:15 of 1st period - Nic Dowd wins face-off versus Garrett Pilon in Roadrunners zone.
6:15 of 1st period - Roland McKeown is hit by Vincent Praplan.
6:47 of 1st period - Garrett Pilon is hit by Nic Dowd and loses puck.
7:08 of 1st period - Shot by Anthony Greco.
7:08 of 1st period - Goal by Anthony Greco - Roadrunners : 1 - Admirals : 0.
7:09 of 1st period - Morgan Barron wins face-off versus Oskar Steen in neutral zone.
7:36 of 1st period - Shot by Morgan Barron.
7:36 of 1st period - Shot Blocked by Kristians Rubins.
8:20 of 1st period - Taylor Fedun is hit by Garrett Wilson and loses puck.
8:27 of 1st period - Icing by Paul Thompson.
8:28 of 1st period - Oskar Steen wins face-off versus Nic Dowd in Admirals zone.
9:03 of 1st period - Shot by Gabriel Dumont.
9:03 of 1st period - Stopped by Michael Houser with a rebound.
9:43 of 1st period - Off-side.
9:44 of 1st period - Aleksi Saarela wins face-off versus Garrett Pilon in neutral zone.
9:55 of 1st period - Shot by Anthony Greco.
9:55 of 1st period - Shot Misses the Net.
9:57 of 1st period - Shot by Brad Hunt.
9:57 of 1st period - Stopped by Michael Houser without a rebound.
9:58 of 1st period - John Quenneville wins face-off versus Justin Kirkland in Admirals zone.
10:04 of 1st period - John Quenneville is hit by Adam Erne and loses puck.
10:11 of 1st period - Shot by Kevin Roy.
10:11 of 1st period - Deflect By Adam Erne.
10:11 of 1st period - Stopped by Michael Houser with a rebound.
10:13 of 1st period - Shot by Taylor Fedun.
10:13 of 1st period - Shot Blocked by Jeremy Roy.
10:15 of 1st period - Shot by Noah Juulsen.
10:15 of 1st period - Shot Misses the Net.
10:17 of 1st period - Shot by Adam Erne.
10:17 of 1st period - Goal by Adam Erne - Roadrunners : 2 - Admirals : 0.
10:18 of 1st period - Garrett Pilon wins face-off versus Aleksi Saarela in neutral zone.
12:15 of 1st period - Icing by Nicolas Hague.
12:16 of 1st period - John Quenneville wins face-off versus Nic Dowd in Roadrunners zone.
12:26 of 1st period - Shot by CJ Suess.
12:26 of 1st period - Stopped by Calvin Pickard with a rebound.
12:28 of 1st period - Shot by Niko Mikkola.
12:28 of 1st period - Shot Misses the Net.
12:30 of 1st period - Shot by Nick Ebert.
12:30 of 1st period - Stopped by Calvin Pickard without a rebound.
12:31 of 1st period - Garrett Pilon wins face-off versus Morgan Barron in Roadrunners zone.
12:31 of 1st period - Garrett Pilon is hit by Nicolas Hague.
12:53 of 1st period - Shot by Mitchell Moroz.
12:53 of 1st period - Shot Misses the Net.
12:55 of 1st period - Shot by Jeremy Roy.
12:55 of 1st period - Shot Blocked by Roland McKeown.
12:57 of 1st period - Shot by Garrett Pilon.
12:57 of 1st period - Shot Misses the Net.
12:59 of 1st period - Shot by Anthony Florentino.
12:59 of 1st period - Shot Misses the Net.
13:01 of 1st period - Shot by Jeremy Roy.
13:01 of 1st period - Shot Blocked by Roland McKeown.
13:03 of 1st period - Shot by Vincent Praplan.
13:03 of 1st period - Shot Misses the Net.
13:54 of 1st period - Icing by Gabriel Dumont.
13:55 of 1st period - Nic Dowd wins face-off versus Kevin Stenlund in Roadrunners zone.
14:05 of 1st period - Shot by Nic Dowd.
14:05 of 1st period - Shot Misses the Net.
14:33 of 1st period - Kevin Stenlund is hit by Noah Juulsen and loses puck.
14:58 of 1st period - Off-side.
14:59 of 1st period - Oskar Steen wins face-off versus Aleksi Saarela in neutral zone.
14:59 of 1st period - Oskar Steen is hit by Drake Caggiula.
15:55 of 1st period - Shot by Mac Hollowell.
15:55 of 1st period - Stopped by Michael Houser without a rebound.
15:56 of 1st period - Justin Kirkland wins face-off versus John Quenneville in Admirals zone.
15:56 of 1st period - Justin Kirkland is hit by Anthony Florentino.
16:00 of 1st period - Shot by Adam Erne.
16:00 of 1st period - Stopped by Michael Houser without a rebound.
16:01 of 1st period - Justin Kirkland wins face-off versus John Quenneville in Admirals zone.
16:01 of 1st period - Brad Hunt is hit by Niko Mikkola and loses puck.
16:14 of 1st period - Shot by David Kampf.
16:14 of 1st period - Stopped by Calvin Pickard without a rebound.
16:15 of 1st period - Aleksi Saarela wins face-off versus Kevin Stenlund in Roadrunners zone.
16:39 of 1st period - Shot by William Bitten.
16:39 of 1st period - Shot Blocked by Noah Juulsen.
16:42 of 1st period - Icing by Taylor Fedun.
16:43 of 1st period - John Quenneville wins face-off versus Aleksi Saarela in Roadrunners zone.
16:56 of 1st period - Shot by Noah Juulsen.
16:56 of 1st period - Stopped by Michael Houser without a rebound.
16:57 of 1st period - Oskar Steen wins face-off versus Nic Dowd in Admirals zone.
17:09 of 1st period - Shot by Paul Thompson.
17:09 of 1st period - Shot Misses the Net.
17:31 of 1st period - Shot by Paul Thompson.
17:31 of 1st period - Stopped by Calvin Pickard without a rebound.
17:32 of 1st period - Aleksi Saarela wins face-off versus John Quenneville in Roadrunners zone.
17:34 of 1st period - Icing by Drake Caggiula.
17:35 of 1st period - Aleksi Saarela wins face-off versus John Quenneville in Roadrunners zone.
17:39 of 1st period - Off-side.
17:40 of 1st period - John Quenneville wins face-off versus Aleksi Saarela in neutral zone.
17:43 of 1st period - Shot by John Quenneville.
17:43 of 1st period - Deflect By CJ Suess.
17:43 of 1st period - Stopped by Calvin Pickard without a rebound.
17:44 of 1st period - John Quenneville wins face-off versus Aleksi Saarela in Roadrunners zone.
17:44 of 1st period - John Quenneville is hit by Mac Hollowell.
17:46 of 1st period - Shot by David Kampf.
17:46 of 1st period - Shot Misses the Net.
18:15 of 1st period - Icing by Kristians Rubins.
18:16 of 1st period - Nic Dowd wins face-off versus John Quenneville in Admirals zone.
18:16 of 1st period - Nic Dowd is hit by Kristians Rubins.
18:59 of 1st period - Oskar Steen is hit by Nic Dowd and loses puck.
19:33 of 1st period - Shot by Anthony Greco.
19:33 of 1st period - Goal by Anthony Greco - Roadrunners : 3 - Admirals : 0.
19:34 of 1st period - Kevin Stenlund wins face-off versus Kevin Roy in neutral zone.
19:41 of 1st period - Shot by Jeremy Roy.
19:41 of 1st period - Stopped by Calvin Pickard with a rebound.
19:43 of 1st period - Shot by Joseph Cramarossa.
19:43 of 1st period - Shot Misses the Net.
19:45 of 1st period - Shot by Kevin Stenlund.
19:45 of 1st period - Stopped by Calvin Pickard without a rebound.
19:46 of 1st period - Aleksi Saarela wins face-off versus Garrett Pilon in Roadrunners zone.
19:46 of 1st period - Mac Hollowell is hit by Kristians Rubins and loses puck.
19:56 of 1st period - Icing by Brad Hunt.
19:57 of 1st period - William Bitten wins face-off versus Aleksi Saarela in Roadrunners zone.
Goals for this period are 3 for Roadrunners vs 0 for Admirals.
Shots for this period are 13 for Roadrunners vs 11 for Admirals.

2nd period


0:01 of 2nd period - Kevin Stenlund wins face-off versus Aleksi Saarela in neutral zone.
0:09 of 2nd period - Shot by Aleksi Saarela.
0:09 of 2nd period - Shot Misses the Net.
0:11 of 2nd period - Shot by Aleksi Saarela.
0:11 of 2nd period - Stopped by Michael Houser with a rebound.
0:13 of 2nd period - Shot by Brad Hunt.
0:13 of 2nd period - Shot Misses the Net.
0:21 of 2nd period - Shot by Drake Caggiula.
0:21 of 2nd period - Shot Misses the Net.
0:23 of 2nd period - Shot by Mac Hollowell.
0:23 of 2nd period - Stopped by Michael Houser without a rebound.
0:24 of 2nd period - Paul Thompson wins face-off versus Nic Dowd in Admirals zone.
0:24 of 2nd period - Paul Thompson is hit by Gabriel Dumont.
0:27 of 2nd period - Icing by Niko Mikkola.
0:28 of 2nd period - Justin Kirkland wins face-off versus Oskar Steen in Admirals zone.
0:29 of 2nd period - Shot by Roland McKeown.
0:29 of 2nd period - Stopped by Michael Houser without a rebound.
0:30 of 2nd period - Aleksi Saarela wins face-off versus Kevin Stenlund in Admirals zone.
0:31 of 2nd period - Shot by Brad Hunt.
0:31 of 2nd period - Stopped by Michael Houser without a rebound.
0:32 of 2nd period - Aleksi Saarela wins face-off versus Kevin Stenlund in Admirals zone.
0:37 of 2nd period - Shot by Brad Hunt.
0:37 of 2nd period - Shot Blocked by William Bitten.
0:39 of 2nd period - Shot by Drake Caggiula.
0:39 of 2nd period - Goal by Drake Caggiula - Roadrunners : 4 - Admirals : 0.
0:39 of 2nd period - Hayden Hawkey enters game.
0:40 of 2nd period - Aleksi Saarela wins face-off versus Oskar Steen in neutral zone.
0:49 of 2nd period - Shot by Aleksi Saarela.
0:49 of 2nd period - Shot Misses the Net.
0:55 of 2nd period - Shot by Garrett Wilson.
0:55 of 2nd period - Shot Misses the Net.
0:57 of 2nd period - Shot by Paul Thompson.
0:57 of 2nd period - Shot Misses the Net.
1:38 of 2nd period - Minor Penalty to Joseph Cramarossa for Interference.
1:39 of 2nd period - Nic Dowd wins face-off versus Garrett Wilson in Admirals zone.
2:56 of 2nd period - Shot by Brad Hunt.
2:56 of 2nd period - Stopped by Hayden Hawkey without a rebound.
2:57 of 2nd period - Garrett Pilon wins face-off versus Aleksi Saarela in Admirals zone.
3:12 of 2nd period - Shot by Aleksi Saarela.
3:12 of 2nd period - Stopped by Hayden Hawkey without a rebound.
3:13 of 2nd period - Nic Dowd wins face-off versus Paul Thompson in Admirals zone.
4:55 of 2nd period - Shot by Morgan Barron.
4:55 of 2nd period - Shot Misses the Net.
5:30 of 2nd period - Shot by Paul Thompson.
5:30 of 2nd period - Deflect By Oskar Steen.
5:30 of 2nd period - Shot Misses the Net.
5:32 of 2nd period - Shot by Paul Thompson.
5:32 of 2nd period - Shot Misses the Net.
5:48 of 2nd period - Shot by Garrett Wilson.
5:48 of 2nd period - Stopped by Calvin Pickard without a rebound.
5:49 of 2nd period - Nic Dowd wins face-off versus Garrett Pilon in Roadrunners zone.
5:49 of 2nd period - Nic Dowd is hit by Vincent Praplan.
5:52 of 2nd period - Icing by Gabriel Dumont.
5:53 of 2nd period - Nic Dowd wins face-off versus Garrett Pilon in Roadrunners zone.
5:53 of 2nd period - Scott Wilson is hit by Garrett Pilon.
6:06 of 2nd period - Gabriel Dumont is hit by Nick Ebert.
6:56 of 2nd period - Minor Penalty to Jeremy Roy for Tripping.
6:57 of 2nd period - Aleksi Saarela wins face-off versus Garrett Wilson in Admirals zone.
7:13 of 2nd period - Icing by Mac Hollowell.
7:14 of 2nd period - Aleksi Saarela wins face-off versus Garrett Wilson in Roadrunners zone.
8:03 of 2nd period - Shot by Nic Dowd.
8:03 of 2nd period - Shot Blocked by Paul Thompson.
8:05 of 2nd period - Shot by Nicolas Hague.
8:05 of 2nd period - Stopped by Hayden Hawkey without a rebound.
8:06 of 2nd period - Garrett Wilson wins face-off versus Nic Dowd in Admirals zone.
8:18 of 2nd period - Icing by Scott Wilson.
8:19 of 2nd period - Oskar Steen wins face-off versus Nic Dowd in Roadrunners zone.
9:02 of 2nd period - Shot by Kevin Roy.
9:02 of 2nd period - Stopped by Hayden Hawkey without a rebound.
9:03 of 2nd period - Kevin Stenlund wins face-off versus Justin Kirkland in Admirals zone.
10:25 of 2nd period - Off-side.
10:26 of 2nd period - Nic Dowd wins face-off versus Garrett Pilon in neutral zone.
10:54 of 2nd period - Shot by Garrett Pilon.
10:54 of 2nd period - Stopped by Calvin Pickard with a rebound.
10:58 of 2nd period - Shot by Garrett Pilon.
10:58 of 2nd period - Goal by Garrett Pilon - Roadrunners : 4 - Admirals : 1.
10:59 of 2nd period - Aleksi Saarela wins face-off versus Garrett Wilson in neutral zone.
11:11 of 2nd period - Anthony Greco is hit by Jeremy Roy.
11:33 of 2nd period - Shot by Drake Caggiula.
11:33 of 2nd period - Stopped by Hayden Hawkey with a rebound.
11:35 of 2nd period - Shot by Anthony Greco.
11:35 of 2nd period - Shot Misses the Net.
11:37 of 2nd period - Shot by Aleksi Saarela.
11:37 of 2nd period - Shot Misses the Net.
11:39 of 2nd period - Shot by Brad Hunt.
11:39 of 2nd period - Shot Blocked by Garrett Wilson.
12:25 of 2nd period - Shot by David Kampf.
12:25 of 2nd period - Stopped by Calvin Pickard without a rebound.
12:26 of 2nd period - Kevin Stenlund wins face-off versus Nic Dowd in Roadrunners zone.
12:41 of 2nd period - Shot by Kevin Stenlund.
12:41 of 2nd period - Stopped by Calvin Pickard without a rebound.
12:42 of 2nd period - Garrett Pilon wins face-off versus Morgan Barron in Roadrunners zone.
12:45 of 2nd period - Shot by Mitchell Moroz.
12:45 of 2nd period - Stopped by Calvin Pickard with a rebound.
12:57 of 2nd period - Shot by Kole Lind.
12:57 of 2nd period - Stopped by Hayden Hawkey without a rebound.
12:58 of 2nd period - Nic Dowd wins face-off versus Kevin Stenlund in Admirals zone.
12:59 of 2nd period - Shot by Scott Wilson.
12:59 of 2nd period - Stopped by Hayden Hawkey with a rebound.
14:04 of 2nd period - Shot by Garrett Wilson.
14:04 of 2nd period - Shot Misses the Net.
14:11 of 2nd period - Off-side.
14:12 of 2nd period - John Quenneville wins face-off versus Justin Kirkland in neutral zone.
14:23 of 2nd period - Shot by CJ Suess.
14:23 of 2nd period - Shot Misses the Net.
15:01 of 2nd period - Shot by Paul Thompson.
15:01 of 2nd period - Stopped by Calvin Pickard without a rebound.
15:02 of 2nd period - Oskar Steen wins face-off versus Drake Caggiula in Roadrunners zone.
15:13 of 2nd period - Shot by Drake Caggiula.
15:13 of 2nd period - Stopped by Hayden Hawkey without a rebound.
15:14 of 2nd period - Gabriel Dumont wins face-off versus Kevin Stenlund in Admirals zone.
15:18 of 2nd period - Shot by Scott Wilson.
15:18 of 2nd period - Shot Misses the Net.
15:38 of 2nd period - Shot by Niko Mikkola.
15:38 of 2nd period - Shot Blocked by Roland McKeown.
16:21 of 2nd period - Shot by Aleksi Saarela.
16:21 of 2nd period - Shot Hit the Post.
16:38 of 2nd period - Shot by Aleksi Saarela.
16:38 of 2nd period - Shot Misses the Net.
16:50 of 2nd period - Shot by Justin Kirkland.
16:50 of 2nd period - Stopped by Hayden Hawkey without a rebound.
16:51 of 2nd period - Justin Kirkland wins face-off versus Oskar Steen in Admirals zone.
16:51 of 2nd period - Justin Kirkland is hit by Kristians Rubins.
16:55 of 2nd period - Shot by Kevin Roy.
16:55 of 2nd period - Stopped by Hayden Hawkey without a rebound.
16:56 of 2nd period - Oskar Steen wins face-off versus Justin Kirkland in Admirals zone.
16:56 of 2nd period - Oskar Steen is hit by Adam Erne.
17:12 of 2nd period - Shot by Paul Thompson.
17:12 of 2nd period - Stopped by Calvin Pickard with a rebound.
17:29 of 2nd period - Kevin Roy is hit by Mike Reilly.
17:35 of 2nd period - Shot by Kevin Roy.
17:35 of 2nd period - Stopped by Hayden Hawkey without a rebound.
17:36 of 2nd period - John Quenneville wins face-off versus Aleksi Saarela in Admirals zone.
17:46 of 2nd period - Shot by Aleksi Saarela.
17:46 of 2nd period - Deflect By Drake Caggiula.
17:46 of 2nd period - Shot Misses the Net.
17:48 of 2nd period - Shot by Anthony Greco.
17:48 of 2nd period - Goal by Anthony Greco - Roadrunners : 5 - Admirals : 1.
17:49 of 2nd period - Nic Dowd wins face-off versus Garrett Pilon in neutral zone.
17:59 of 2nd period - Off-side.
18:00 of 2nd period - John Quenneville wins face-off versus Aleksi Saarela in neutral zone.
18:15 of 2nd period - Icing by Kristians Rubins.
18:16 of 2nd period - John Quenneville wins face-off versus Nic Dowd in Admirals zone.
18:22 of 2nd period - Off-side.
18:23 of 2nd period - Aleksi Saarela wins face-off versus Paul Thompson in neutral zone.
18:32 of 2nd period - Shot by Anthony Greco.
18:32 of 2nd period - Shot Misses the Net.
18:35 of 2nd period - Icing by Garrett Wilson.
18:36 of 2nd period - Oskar Steen wins face-off versus Nic Dowd in Admirals zone.
18:44 of 2nd period - Off-side.
18:45 of 2nd period - Kevin Stenlund wins face-off versus Aleksi Saarela in neutral zone.
18:56 of 2nd period - Minor Penalty to Joseph Cramarossa for Hooking.
18:57 of 2nd period - Nic Dowd wins face-off versus Garrett Wilson in Admirals zone.
19:57 of 2nd period - Shot by Kristians Rubins.
19:57 of 2nd period - Stopped by Calvin Pickard without a rebound.
19:58 of 2nd period - Anthony Greco wins face-off versus Paul Thompson in Roadrunners zone.
Goals for this period are 2 for Roadrunners vs 1 for Admirals.
Shots for this period are 17 for Roadrunners vs 9 for Admirals.

3rd period


0:01 of 3rd period - Garrett Wilson wins face-off versus Aleksi Saarela in neutral zone.
0:07 of 3rd period - Minor Penalty to Garrett Wilson for Roughing.
0:08 of 3rd period - Aleksi Saarela wins face-off versus Garrett Pilon in Admirals zone.
0:13 of 3rd period - Shot by Brad Hunt.
0:13 of 3rd period - Shot Misses the Net.
0:15 of 3rd period - Shot by Drake Caggiula.
0:15 of 3rd period - Shot Misses the Net.
0:31 of 3rd period - Shot by Aleksi Saarela.
0:31 of 3rd period - Stopped by Hayden Hawkey with a rebound.
0:37 of 3rd period - Shot by Drake Caggiula.
0:37 of 3rd period - Stopped by Hayden Hawkey without a rebound.
0:38 of 3rd period - Nic Dowd wins face-off versus Garrett Pilon in Admirals zone.
0:39 of 3rd period - Shot by Scott Wilson.
0:39 of 3rd period - Deflect By Gabriel Dumont.
0:39 of 3rd period - Shot Misses the Net.
0:41 of 3rd period - Shot by Nic Dowd.
0:41 of 3rd period - Stopped by Hayden Hawkey with a rebound.
0:43 of 3rd period - Shot by Nicolas Hague.
0:43 of 3rd period - Stopped by Hayden Hawkey without a rebound.
0:44 of 3rd period - Garrett Pilon wins face-off versus Nic Dowd in Admirals zone.
0:55 of 3rd period - Shot by Nic Dowd.
0:55 of 3rd period - Stopped by Hayden Hawkey without a rebound.
0:56 of 3rd period - Aleksi Saarela wins face-off versus Garrett Pilon in Admirals zone.
1:11 of 3rd period - Shot by Brad Hunt.
1:11 of 3rd period - Shot Misses the Net.
1:13 of 3rd period - Shot by Drake Caggiula.
1:13 of 3rd period - Stopped by Hayden Hawkey without a rebound.
1:14 of 3rd period - Garrett Pilon wins face-off versus Nic Dowd in Admirals zone.
2:11 of 3rd period - William Bitten is hit by Justin Kirkland and loses puck.
2:22 of 3rd period - Shot by Joseph Cramarossa.
2:22 of 3rd period - Shot Misses the Net.
2:24 of 3rd period - Shot by Kevin Stenlund.
2:24 of 3rd period - Stopped by Calvin Pickard without a rebound.
2:25 of 3rd period - John Quenneville wins face-off versus Aleksi Saarela in Roadrunners zone.
2:45 of 3rd period - Icing by Nick Ebert.
2:46 of 3rd period - Justin Kirkland wins face-off versus John Quenneville in Admirals zone.
2:54 of 3rd period - CJ Suess is hit by Noah Juulsen and loses puck.
3:00 of 3rd period - Minor Penalty to Noah Juulsen for Tripping.
3:01 of 3rd period - Oskar Steen wins face-off versus Anthony Greco in Roadrunners zone.
3:28 of 3rd period - Shot by Oskar Steen.
3:28 of 3rd period - Shot Blocked by Brad Hunt.
3:30 of 3rd period - Shot by Mike Reilly.
3:30 of 3rd period - Stopped by Calvin Pickard with a rebound.
3:32 of 3rd period - Shot by Kristians Rubins.
3:32 of 3rd period - Shot Misses the Net.
3:35 of 3rd period - Garrett Wilson is hit by Mac Hollowell and loses puck.
3:41 of 3rd period - Paul Thompson is hit by Brad Hunt and loses puck.
4:04 of 3rd period - Shot by Kevin Stenlund.
4:04 of 3rd period - Shot Misses the Net.
4:06 of 3rd period - Shot by William Bitten.
4:06 of 3rd period - Shot Misses the Net.
4:14 of 3rd period - Shot by Kevin Stenlund.
4:14 of 3rd period - Deflect By Joseph Cramarossa.
4:14 of 3rd period - Shot Blocked by Drake Caggiula.
4:16 of 3rd period - Shot by Joseph Cramarossa.
4:16 of 3rd period - Shot Misses the Net.
4:20 of 3rd period - Shot by Niko Mikkola.
4:20 of 3rd period - Stopped by Calvin Pickard without a rebound.
4:21 of 3rd period - Anthony Greco wins face-off versus Oskar Steen in Roadrunners zone.
4:36 of 3rd period - Shot by Kristians Rubins.
4:36 of 3rd period - Shot Misses the Net.
5:06 of 3rd period - David Kampf is hit by Gabriel Dumont and loses puck.
5:15 of 3rd period - Shot by Nic Dowd.
5:15 of 3rd period - Shot Misses the Net.
5:17 of 3rd period - Shot by Gabriel Dumont.
5:17 of 3rd period - Shot Misses the Net.
5:23 of 3rd period - Shot by Scott Wilson.
5:23 of 3rd period - Shot Blocked by Anthony Florentino.
6:15 of 3rd period - Icing by Joseph Cramarossa.
6:16 of 3rd period - Aleksi Saarela wins face-off versus Kevin Stenlund in Admirals zone.
6:16 of 3rd period - Aleksi Saarela is hit by Niko Mikkola.
6:22 of 3rd period - Shot by Drake Caggiula.
6:22 of 3rd period - Stopped by Hayden Hawkey with a rebound.
6:31 of 3rd period - Shot by Kevin Stenlund.
6:31 of 3rd period - Shot Misses the Net.
6:37 of 3rd period - Shot by Kevin Stenlund.
6:37 of 3rd period - Stopped by Calvin Pickard with a rebound.
7:25 of 3rd period - Shot by Paul Thompson.
7:25 of 3rd period - Shot Misses the Net.
7:29 of 3rd period - Shot by Garrett Wilson.
7:29 of 3rd period - Deflect By Oskar Steen.
7:29 of 3rd period - Shot Misses the Net.
7:36 of 3rd period - Icing by Roland McKeown.
7:37 of 3rd period - Nic Dowd wins face-off versus John Quenneville in Roadrunners zone.
7:37 of 3rd period - Nic Dowd is hit by John Quenneville.
8:45 of 3rd period - Icing by Joseph Cramarossa.
8:46 of 3rd period - Drake Caggiula wins face-off versus Kevin Stenlund in Admirals zone.
9:04 of 3rd period - Off-side.
9:05 of 3rd period - Morgan Barron wins face-off versus Garrett Wilson in neutral zone.
9:24 of 3rd period - Shot by Oskar Steen.
9:24 of 3rd period - Shot Misses the Net.
9:51 of 3rd period - Icing by Mike Reilly.
9:52 of 3rd period - Oskar Steen wins face-off versus Justin Kirkland in Admirals zone.
9:56 of 3rd period - Kristians Rubins is hit by Justin Kirkland and loses puck.
10:18 of 3rd period - Shot by Joseph Cramarossa.
10:18 of 3rd period - Shot Misses the Net.
10:39 of 3rd period - Icing by Niko Mikkola.
10:40 of 3rd period - Nic Dowd wins face-off versus Kevin Stenlund in Admirals zone.
11:01 of 3rd period - Icing by Nicolas Hague.
11:02 of 3rd period - John Quenneville wins face-off versus Scott Wilson in Roadrunners zone.
11:23 of 3rd period - Shot by Gabriel Dumont.
11:23 of 3rd period - Stopped by Hayden Hawkey without a rebound.
11:24 of 3rd period - Aleksi Saarela wins face-off versus Oskar Steen in Admirals zone.
11:35 of 3rd period - Shot by Aleksi Saarela.
11:35 of 3rd period - Shot Blocked by Mike Reilly.
11:37 of 3rd period - Shot by Mac Hollowell.
11:37 of 3rd period - Shot Misses the Net.
11:39 of 3rd period - Shot by Brad Hunt.
11:39 of 3rd period - Stopped by Hayden Hawkey with a rebound.
12:03 of 3rd period - Shot by Aleksi Saarela.
12:03 of 3rd period - Shot Blocked by Mike Reilly.
13:10 of 3rd period - Icing by Noah Juulsen.
13:11 of 3rd period - John Quenneville wins face-off versus Justin Kirkland in Roadrunners zone.
13:39 of 3rd period - Shot by CJ Suess.
13:39 of 3rd period - Stopped by Calvin Pickard without a rebound.
13:40 of 3rd period - Vincent Praplan wins face-off versus Aleksi Saarela in Roadrunners zone.
14:23 of 3rd period - Icing by Mike Reilly.
14:24 of 3rd period - Garrett Pilon wins face-off versus Nic Dowd in Admirals zone.
14:24 of 3rd period - Kristians Rubins is hit by Nic Dowd and loses puck.
14:46 of 3rd period - Mitchell Moroz is hit by Gabriel Dumont and loses puck.
15:03 of 3rd period - Shot by Nicolas Hague.
15:03 of 3rd period - Stopped by Hayden Hawkey with a rebound.
15:10 of 3rd period - Icing by Kristians Rubins.
15:11 of 3rd period - Morgan Barron wins face-off versus Mitchell Moroz in Admirals zone.
15:37 of 3rd period - Brad Hunt is hit by Nick Ebert and loses puck.
16:01 of 3rd period - Icing by Niko Mikkola.
16:02 of 3rd period - Oskar Steen wins face-off versus Justin Kirkland in Admirals zone.
16:02 of 3rd period - Paul Thompson is hit by Justin Kirkland and loses puck.
16:21 of 3rd period - Paul Thompson is hit by Noah Juulsen and loses puck.
17:06 of 3rd period - Shot by Joseph Cramarossa.
17:06 of 3rd period - Shot Misses the Net.
18:19 of 3rd period - William Bitten is hit by Morgan Barron.
18:33 of 3rd period - Shot by Paul Thompson.
18:33 of 3rd period - Shot Misses the Net.
18:44 of 3rd period - Icing by Kole Lind.
18:45 of 3rd period - Morgan Barron wins face-off versus John Quenneville in Roadrunners zone.
18:47 of 3rd period - Icing by Kole Lind.
18:48 of 3rd period - Oskar Steen wins face-off versus Morgan Barron in Roadrunners zone.
19:10 of 3rd period - Icing by Mike Reilly.
19:11 of 3rd period - Nic Dowd wins face-off versus Oskar Steen in Admirals zone.
19:21 of 3rd period - Icing by Paul Thompson.
19:22 of 3rd period - Adam Erne wins face-off versus Oskar Steen in Admirals zone.
19:42 of 3rd period - Adam Erne is hit by Mike Reilly and loses puck.
Goals for this period are 0 for Roadrunners vs 0 for Admirals.
Shots for this period are 10 for Roadrunners vs 5 for Admirals.